 Dungeon Crawl Stone Soup version bcrawl-1.21.3 (webtiles) character file.

Game seed: 9099584259323429004

43 MisterOstroum the Cudgeler (level 3, -2/28 HPs)
             Began as a Formicid Wanderer on Mar 27, 2020.
             Slain by a kobold
             ... wielding a +2 whip of distortion
              (7 damage)
             ... on level 2 of the Dungeon.
             The game lasted 00:04:53 (1325 turns).

MisterOstroum the Cudgeler (Formicid Wanderer)      Turns: 1325, Time: 00:04:53

Health: -2/28      AC:  8    Str: 19    XL:     3   Next: 82%
Magic:  3/3        EV:  7    Int: 10    God:
Gold:   54         SH:  0    Dex:  9    Spells: 2/2 levels left

rFire    . . .     SeeInvis +   a - +0 mace
rCold    . . .     Gourm    .   (no shield)
rNeg     . . .     Faith    .   h - +0 chain mail
rPois    .         Spirit   .   (helmet unavailable)
rElec    .         Reflect  .   (no cloak)
rCorr    .         Harm     .   (no gloves)
MR       .....                  (no boots)
Stlth    ..........             (no amulet)
HPRegen  0.09/turn              (no ring)
MPRegen  0.08/turn              (no ring)

@: no status effects
A: permanent stasis, dig shafts and tunnels, four strong arms, antennae 3
a: Dig, Shaft Self


You were on level 2 of the Dungeon.
You were not hungry.

You visited 1 branch of the dungeon, and saw 2 of its levels.

You collected 54 gold pieces.

Inventory:

Hand Weapons
 a - a +0 mace (weapon)
 c - a +0 hand axe
Missiles
 f - 904 sling bullets
 j - 101 arrows
 s - 60 stones (quivered)
Armour
 d - a +0 robe
 h - a +0 chain mail (worn)
Wands
 b - a wand of enslavement (14)
Scrolls
 g - 2 scrolls of teleportation {unknown}
 k - a scroll of identify {unknown}
 o - a scroll of remove curse {unknown}
 p - a scroll of fog {unknown}
 q - a scroll of immolation {unknown}
Potions
 i - 2 potions of curing {unknown}
 l - a potion of heal wounds {unknown}
 m - a potion of might {unknown}
 n - a potion of ambrosia {unknown}
Comestibles
 e - 4 rations {!d}
 r - 3 chunks of flesh


   Skills:
 * Level 2.8 Fighting
 * Level 5.4 Maces & Flails
 - Level 1.1 Armour
 - Level 2.7 Stealth
 - Level 1.1 Evocations


You had 2 spell levels left.
You didn't know any spells.
Your spell library was empty.

Dungeon Overview and Level Annotations

Branches:
Dungeon (2/12)

Altars:


Innate Abilities, Weirdness & Mutations

You cannot be hasted, slowed, berserked, paralysed or teleported.
You can dig through walls and to a lower floor.
Your four strong arms can wield two-handed weapons with a shield.
You have a pair of large antennae on your head. (SInv)


Message History

The giant cockroach barely misses you.
You hit the giant cockroach.
You kill the giant cockroach!
No target in view!
No target in view!
No target in view!
No target in view!
No target in view!
No target in view!
No target in view!
A jackal comes into view.
The jackal barks!
A jackal comes into view.
There are monsters nearby! 2 jackals come into view.
The jackal barks! x3
You hit the jackal.
The jackal is severely wounded.
The jackal bites you but does no damage.
You sock the jackal!
You kill the jackal!
The jackal bites you but does no damage.
You sock the jackal!
You kill the jackal!
You hit the jackal.
The jackal is moderately wounded.
The jackal bites you but does no damage. x2
You closely miss the jackal.
The jackal is moderately wounded.
The jackal barely misses you.
The jackal bites you but does no damage.
You hit the jackal.
You kill the jackal!
You hit the jackal.
You kill the jackal!
No target in view!
No target in view!
No target in view!
No target in view!
No target in view!
No target in view!
No target in view!
No target in view!
No target in view!
No target in view!
No target in view!
No target in view!
No target in view!
No target in view!
No target in view!
No target in view!
No target in view!
A kobold comes into view. It is wielding a +2 whip of distortion.
Things that are here:
a jackal corpse x3
Throwing (i - inventory)
s - 64 stones (quivered)
Press: ? - help, Shift-Dir - straight line, f - kobold
Aim: a kobold, wielding a +2 whip of distortion and wearing a +0 chain mail (hasn't noticed you)
You throw a stone. The kobold shouts!
The stone hits the kobold but does no damage.
You hear a shout!
Throwing (i - inventory)
s - 63 stones (quivered)
Press: ? - help, Shift-Dir - straight line, f/p - kobold
Aim: a kobold, wielding a +2 whip of distortion and wearing a +0 chain mail You throw a stone.
The stone hits the kobold.
The kobold is moderately wounded.
Throwing (i - inventory)
s - 62 stones (quivered)
Press: ? - help, Shift-Dir - straight line, f/p - kobold
Aim: a kobold, wielding a +2 whip of distortion and wearing a +0 chain mail (moderately wounded)
You throw a stone.
The stone hits the kobold but does no damage.
The kobold is moderately wounded.
Throwing (i - inventory)
s - 61 stones (quivered)
Press: ? - help, Shift-Dir - straight line, f/p - kobold
Aim: a kobold, wielding a +2 whip of distortion and wearing a +0 chain mail (moderately wounded)
You throw a stone.
The stone hits the kobold but does no damage.
The kobold is moderately wounded.
You barely miss the kobold.
The kobold is moderately wounded.
The kobold barely misses you.
Your chain mail prevents you from hitting the kobold.
The kobold is moderately wounded.
The kobold hits you but does no damage. Space bends around you.
You hit the kobold.
The kobold is moderately wounded.
The kobold hits you with a +2 whip of distortion.
Space warps horribly around you!
Ouch! That really hurt!
* * * LOW HITPOINT WARNING * * *
Evoke which item? (* to show all) (? for menu, Esc to quit)
Aiming: Enslavement
Press: ? - help, Shift-Dir - straight line, f/p - kobold
Aim: a kobold, wielding a +2 whip of distortion and wearing a +0 chain mail (moderately wounded, chance to defeat MR: 66%)
The kobold struggles to resist.
The kobold hits you with a +2 whip of distortion.
* * * LOW HITPOINT WARNING * * *
Space bends around you.
You die...

#####......#########
#..................####
....................÷..
##...............####
#...........#####
#.#####.....#
#.####†### #.....#
........K.###.##..#
##.####.#@.##.##....
#....##.##.... ###..#
#... #... #.... #.#.#
#.... ## ####.# #. ..
#. #.


You could see a kobold.

Vanquished Creatures
  An adder skeleton (D:2)
  2 dart slugs
  A leopard gecko (D:1)
  3 bats
  A bat skeleton (D:2)
  5 giant cockroaches
  4 goblins (D:1)
  2 hobgoblins (D:2)
  7 jackals (D:2)
  A kobold (D:1)
  A quokka (D:1)
  A frilled lizard (D:1)
29 creatures vanquished.

Notes
Turn   | Place    | Note
-------+----------+-------------------------------------------
     0 | D:1      | MisterOstroum the Formicid Wanderer began the quest for the
                  | Orb.
     0 | D:1      | MisterOstroum set off with the following items: a +0 hand
                  | axe, a wand of enslavement (15), a +0 mace, a +0 robe, a
                  | ration {!d}
     0 | D:1      | Reached XP level 1. HP: 16/16 MP: 1/1
    13 | D:1      | Noticed a minotaur zombie
   214 | D:1      | Reached XP level 2. HP: 12/23 MP: 2/2
   977 | D:2      | Reached XP level 3. HP: 27/28 MP: 3/3
  1325 | D:2      | Slain by a kobold

Skill      XL: |  1 |
---------------+----+-----
Stealth        | 2 |  2.7
Fighting       | |  2.8
Maces & Flails | |  5.4
Armour         | |  1.1
Evocations     | |  1.1

Action                   || total
-------------------------++-------
Melee: Mace              ||    83
Throw: Stone             ||     4
Evoke: Wand              ||     1
 Stab: Sleeping          ||     3
  Eat: Chunk             ||     1
Armor: Robe              ||    10
       Chain mail        ||    17
Dodge: Dodged            ||    54
